Map: World of Sleepers LE

Players

SnofSnooph - Winner!

  • Race: Terran Terran
  • League: Gold
  • Spawn Location: 7:00

pHARM

  • Race: Zerg Zerg
  • League: Platinum
  • Spawn Location: 1:00

VOD

Have the link to the VOD?

Description

Time

  • Played on: Aug. 25, 2019, 3:43 p.m.
  • Length: 10:58
Show
View Real Time Build Order
Export as new Build Order

SnofSnooph Terran - Winner!

Build Orders: Reaper Expand 

Get SALT Encoding   

  12  0:00  SCV  
  13  0:13  SCV  
  14  0:17  Supply Depot  
  14  0:25  SCV  
  15  0:38  SCV  
  15  0:39  Barracks  
  16  0:46  Refinery  
  16  0:50  SCV  
  17  1:02  SCV  
  18  1:14  SCV  
  19  1:31  Reaper  
  19  1:32  Barracks, Orbital Command  
  20  1:56  Command Center  
  20  2:11  Factory  
  20  2:16  SCV  
  20  2:17  Refinery  
  21  2:25  Supply Depot  
  21  2:27  Barracks Reactor  
  21  2:30  SCV  
  22  2:42  Marine  
  23  2:52  SCV  
  24  2:59  Factory Tech Lab  
  24  3:03  Starport  
  24  3:10  Barracks  
  25  3:12  SCV  
  25  3:13  Supply Depot, Engineering Bay  
  25  3:30  Orbital Command  
  25  3:33  Marine  
  26  3:37  SCV, Barracks Tech Lab  
  27  3:41  Starport Reactor  
  27  3:50  SCV  
  28  3:56  SCV  
  28  3:58  Barracks Reactor  
  28  4:02  SCV, Stimpack  
  30  4:08  SCV  
  31  4:18  SCV  
  31  4:23  Siege Tank  
  34  4:25  Supply Depot  
  34  4:26  Marine x2, SCV  
  34  4:28  Marine  
  34  4:30  SCV  
  39  4:33  Refinery  
  39  4:36  Marine x2  
  42  4:38  SCV  
  42  4:42  SCV  
  42  4:44  Marine x2  
  45  4:46  Marine  
  45  4:49  Medivac  
  45  4:50  SCV  
  49  4:53  Marine  
  49  4:54  Marine  
  49  4:55  SCV  
  52  5:02  Marine, SCV  
  52  5:03  Marine  
  52  5:04  Marine  
  56  5:07  SCV  
  56  5:11  Marine  
  56  5:13  Siege Tank  
  61  5:14  SCV  
  61  5:15  Supply Depot  
  61  5:17  Supply Depot  
  61  5:20  Terran Infantry Weapons Level 1  
  62  5:37  SCV x2  
  62  5:40  Supply Depot  
  64  5:49  SCV x2  
  66  5:54  Combat Shield  
  65  6:17  Marine x3  
  59  6:27  Marine x2  
  59  6:28  Siege Tank, Medivac x2  
  59  6:32  Supply Depot  
  68  6:36  Marine x3  
  68  6:39  SCV x2  
  73  6:42  Refinery  
  73  6:43  Missile Turret  
  73  6:45  Marine x2  
  73  6:46  Liberator  
  75  6:47  Missile Turret  
  75  6:51  SCV  
  75  6:52  SCV  
  75  6:54  Supply Depot  
  77  6:56  Command Center  
  77  7:00  Siege Tank  
  80  7:06  SCV x2  
  85  7:18  Factory  
  85  7:21  Armory  
  85  7:24  Supply Depot  
  85  7:28  Supply Depot  
  86  7:30  SCV x2  
  86  7:32  Siege Tank  
  90  7:42  Marine, SCV x2  
  90  7:43  Marine x2, Medivac  
  97  7:50  Starport  
  97  7:54  SCV  
  98  8:01  SCV  
  98  8:04  Siege Tank  
  102  8:11  Orbital Command  
  102  8:13  SCV x2  
  102  8:19  Refinery  
  104  8:24  Marine, Refinery  
  104  8:25  Marine x4, SCV  
  104  8:27  Factory Tech Lab  
  110  8:32  Command Center  
  110  8:36  Siege Tank  
  110  8:40  SCV  
  114  8:55  Marine x2, SCV x2  
  116  8:56  Marine x2, Siege Tank, Medivac  
  116  8:57  Medivac  
  127  9:07  Marine  
  127  9:09  Siege Tank  
  131  9:13  Marine x2  
  133  9:27  SCV x3  
  133  9:28  Siege Tank  
  133  9:29  Supply Depot  
  133  9:30  Supply Depot  
  139  9:31  Supply Depot  
  139  9:32  Starport Reactor  
  139  9:39  SCV  
  140  9:52  Supply Depot  
  140  9:57  Marine x3  
  135  10:09  Marine x2  
  114  10:15  Marine x3  
  117  10:27  Marine x2  
  119  10:32  Marine  
  119  10:34  Marine x2  
Show
View Real Time Build Order
Export as new Build Order

pHARM Zerg 

Build Orders: Hatch First 

Get SALT Encoding   

  12  0:04  Drone  
  13  0:19  Overlord  
  13  0:28  Drone  
  14  0:40  Drone  
  14  0:41  Drone  
  16  0:49  Drone  
  17  0:59  Drone  
  18  1:04  Hatchery  
  18  1:08  Drone  
  18  1:22  Spawning Pool, Drone  
  18  1:28  Drone  
  19  1:40  Drone  
  19  1:46  Drone, Extractor  
  20  1:57  Overlord  
  20  2:11  Queen  
  22  2:15  Overlord  
  22  2:16  Queen  
  22  2:18  Drone  
  25  2:24  Drone  
  26  2:41  Spore Crawler  
  24  2:45  Drone x3  
  24  2:46  Drone  
  28  2:57  Drone x2  
  31  3:07  Queen  
  31  3:09  Metabolic Boost  
  31  3:11  Drone  
  31  3:12  Queen, Drone x3  
  39  3:32  Drone  
  39  3:33  Drone x4  
  44  3:37  Overlord  
  44  3:49  Lair  
  44  3:56  Extractor  
  44  3:57  Extractor  
  44  4:01  Evolution Chamber  
  41  4:03  Baneling Nest, Drone  
  41  4:04  Drone x7  
  41  4:06  Roach Warren  
  47  4:27  Drone x2  
  49  4:32  Zerg Melee Weapons Level 1  
  50  4:38  Drone  
  50  4:48  Glial Reconstitution  
  50  4:55  Centrifical Hooks  
  50  5:03  Overlord x6  
  50  5:04  Zergling x2  
  50  5:05  Zergling x2  
  52  5:33  Hatchery  
  50  5:55  Pneumatized Carapace  
  50  5:59  Zergling x2  
  50  6:00  Zergling x28  
  61  6:42  Drone  
  61  6:54  Extractor  
  61  6:57  Hydralisk Den  
  61  7:00  Zerg Melee Weapons Level 2  
  59  7:20  Drone  
  59  7:21  Drone x13  
  73  7:27  Grooved Spines  
  73  7:31  Drone x2  
  73  7:32  Drone x2  
  77  8:07  Extractor  
  77  8:08  Extractor  
  77  8:09  Spore Crawler  
  77  8:10  Spine Crawler  
  73  8:13  Spine Crawler  
  72  8:23  Zergling x26  
  85  8:33  Hatchery  
  85  8:34  Infestation Pit  
  81  8:38  Muscular Augments  
  81  8:50  Drone x8  
  89  9:24  Baneling x15  
  89  9:27  Overlord x9  
  89  9:36  Hive  
  89  9:41  Spire  
  68  10:16  Zergling x28  
  68  10:17  Zergling x2  
Tags
 
Add a new tag
Caveats
  • Supply blocks, unpowered buildings, or Contaminate may cause inaccurate times.
  • Supply counts are checked every 10 seconds.